 Dungeon Crawl Stone Soup version 0.31-a0-1547-g618ab1f346 (webtiles) character file.

Game seed: 9273584507327063271

17692 graki42 the Blocker (level 12, -2/136 HPs)
             Began as a Gnoll Conjurer on Jan 2, 2024.
             Was a Priest of Sif Muna.
             Shot with an arrow by Nessos (19 damage)
             ... on level 3 of the Lair of Beasts.
             The game lasted 00:51:11 (14710 turns).

graki42 the Blocker (Gnoll Conjurer)               Turns: 14710, Time: 00:51:12

Health: -2/136     AC: 26    Str:  7    XL:     12   Next: 50%
Magic:  2/34       EV:  2    Int: 22    God:    Sif Muna [***...]
Gold:   819        SH:  0    Dex: 11    Spells: 14/29 levels left

rFire   . . .        q - +4 dagger (venom)
rCold   . . .        (no shield)
rNeg    . . .        f - melded +0 acid dragon scales
rPois   +            (helmet currently unavailable)
rElec   .            h - melded +0 cloak
rCorr   .            (gloves currently unavailable)
SInv    .            (boots currently unavailable)
Will    .....        (no amulet)
Stlth   ++++         g - ring of flight
HPRegen 0.42/turn    B - ring of magical power
MPRegen 0.24/turn

%: no passive effects
@: tree-form, studying Shields
A: stationary, stasis, torment immunity, boosted hp, (fangs 1), strong nose,
distributed training
a: Renounce Religion, Channel Magic, Forget Spell


You were on level 3 of the Lair of Beasts.
You worshipped Sif Muna.
Sif Muna was most pleased with you.
You were a tree.
You visited 3 branches of the dungeon, and saw 14 of its levels.

You collected 819 gold pieces.

Inventory:

Hand Weapons
 q - a +4 dagger of venom (weapon)
Missiles
 n - 12 poisoned darts
Armour
 f - +0 acid dragon scales (melded)
 h - a +0 cloak (melded)
 D - a +2 robe of positive energy
 E - a +0 robe of fire resistance
 F - an orb of guile
Magical Staves
 m - a staff of earth
Jewellery
 g - a ring of flight (left branch)
 j - a ring of fire
 x - a ring of fire
 B - a ring of magical power (right branch)
 G - a ring of ice
Talismans
 N - a serpent talisman
Wands
 p - a wand of paralysis (6)
 w - a wand of quicksilver (9)
 A - a wand of digging (12)
 J - a wand of iceblast (3)
Scrolls
 a - 2 scrolls of enchant weapon {unknown}
 c - 3 scrolls of vulnerability {unknown}
 d - 2 scrolls of fog
 e - a scroll of teleportation
 l - a scroll of brand weapon {unknown}
 o - 2 scrolls of torment {unknown}
 s - 2 scrolls of blinking {unknown}
 t - 2 scrolls of revelation
 y - 3 scrolls of poison {unknown}
 C - a scroll of enchant armour {unknown}
 L - a scroll of identify
 M - a scroll of amnesia {unknown}
Potions
 b - 2 potions of magic
 i - a potion of heal wounds
 k - 2 potions of lignification
 r - 5 potions of curing
 u - 3 potions of brilliance {unknown}
 v - 3 potions of enlightenment {unknown}
 z - 4 potions of haste
 H - a potion of mutation {unknown}
 I - 2 potions of might {unknown}
 K - a potion of cancellation {unknown}


   Skills:
 + Level 7.6 Fighting
 + Level 7.6 Short Blades
 + Level 7.6 Long Blades
 + Level 7.6 Axes
 + Level 7.6 Maces & Flails
 + Level 7.6 Polearms
 + Level 7.6 Staves
 + Level 7.6 Ranged Weapons
 + Level 7.6 Throwing
 + Level 7.6 Armour
 + Level 9.0 Dodging
 + Level 8.8 Stealth
 + Level 10.0 Shields
 + Level 7.6 Unarmed Combat
 + Level 9.2 Spellcasting
 + Level 9.6 Conjurations
 + Level 6.3 Hexes
 + Level 6.3 Summonings
 + Level 6.3 Necromancy
 + Level 6.3 Translocations
 + Level 6.3 Fire Magic
 + Level 6.3 Ice Magic
 + Level 6.3 Air Magic
 + Level 6.3 Earth Magic
 + Level 6.3 Alchemy
 + Level 8.3 Invocations
 + Level 7.6 Evocations
 + Level 6.9 Shapeshifting


You had 14 spell levels left.
You knew the following spells:

 Your Spells              Type           Power      Damage    Failure   Level
a - Magic Dart            Conj           100%       1d8       1%          1
b - Searing Ray           Conj           100%       2d8       1%          2
c - Fulminant Prism       Conj/Alch      22%        3d12      2%          4
d - Iskenderun's Mystic   Conj/Tloc      45%        2d10      2%          4
e - Olgreb's Toxic Radia  Alch           38%        N/A       4%          4

Your spell library contained the following spells:

 Spells                   Type           Power      Damage    Failure   Level
 Sting                    Conj/Alch      100%       1d9       1%          1
 Ensorcelled Hibernation  Hex/Ice        76%        N/A       1%          2
 Mercury Vapours          Alch/Air       76%        N/A       1%          2
 Scorch                   Fire           76%        2d8       1%          2
 Passwall                 Erth           38%        N/A       1%          3
 Swiftness                Air            38%        N/A       1%          3
 Tukima's Dance           Hex            38%        N/A       1%          3
 Flame Wave               Conj/Fire      45%        2d12      2%          4
 Dimensional Bullseye     Hex/Tloc       19%        N/A       4%          4
 Passage of Golubria      Tloc           38%        N/A       4%          4
 Silence                  Hex/Air        19%        N/A       14%         5
 Summon Cactus Giant      Summ           19%        N/A       58%         6
 Lehudib's Crystal Spear  Conj/Erth      22%        10d6      100%        8


Dungeon Overview and Level Annotations

Branches:
Dungeon (10/15)            Temple (1/1) D:5            Lair (3/5) D:8
    Orc (0/2) D:9
  Swamp: Lair:2-3    Shoals: Lair:2-3     Snake: Lair:2-3    Spider: Lair:2-3

Altars:
Ashenzari
Cheibriados
Dithmenos
Elyvilon
Fedhas
Gozag
Hepliaklqana
Kikubaaqudgha
Makhleb
Nemelex Xobeh
Okawaru
Qazlal
Ru
Sif Muna
Trog
Uskayaw
Vehumet
Wu Jian
Xom
Yredelemnul
Zin
The Shining One

Shops:
D:2 (   D:4 *   D:7 *[

Annotations:
D:2 Sigmund
Lair:3 Nessos


Innate Abilities, Weirdness & Mutations

You are a tree.
Your roots penetrate the ground, keeping you stationary.
You cannot be teleported.
You are immune to unholy pain and torment.
Your maximum health is greatly increased.
Your equipment is partially melded.
((You have very sharp teeth.))
Your uncanny sense of smell can sniff out nearby items.
Your experience applies equally to all skills.


Message History

A fulminant prism comes into view.
Nessos wields a +3 longbow of flaming.
It bursts into flame!
Nessos shoots an arrow.
The arrow hits you.
* * * LOW HITPOINT WARNING * * *
The arrow burns you.
* * * LOW HITPOINT WARNING * * *
Your fulminant prism explodes!
You hear a loud, deep croak!
Unknown command.
Nessos gestures wildly while chanting.
Nessos blinks!
Nessos shoots an arrow.
The arrow hits your fulminant prism. The arrow burns your fulminant prism.
Your fulminant prism crackles loudly.
Nessos shoots an arrow.
The arrow hits your fulminant prism!
Your fulminant prism explodes!
You hear a loud, deep croak!
Casting: Fulminant Prism (mildly dangerous; 2% risk of failure)
Confirm with . or Enter, or press ? or * to list all spells.
Aiming: Fulminant Prism (mildly dangerous; 2% risk of failure)
Press: ? - help, Dir - move target You conjure a prism of explosive energy!
A fulminant prism comes into view.
Nessos shoots an arrow.
The arrow hits you!
* * * LOW HITPOINT WARNING * * *
The arrow burns you.
* * * LOW HITPOINT WARNING * * *
Casting: Fulminant Prism (mildly dangerous; 2% risk of failure)
Confirm with . or Enter, or press ? or * to list all spells.
Aiming: Fulminant Prism (mildly dangerous; 2% risk of failure)
Press: ? - help, Dir - move target You conjure a prism of explosive energy!
A fulminant prism comes into view.
Nessos shoots an arrow.
The arrow hits you but does no damage.
Nessos gestures wildly while chanting.
Nessos blinks!
A bullfrog comes into view.
Your fulminant prism crackles loudly.
Unknown command.
Nessos shoots an arrow.
The arrow hits you!!
You die...

.P.......#. ..P.......##
####.........
...........###P#..........
#......... #.............
#!...... #............
#......## #.#........##
..#..†....# #...........#
..F....$..###......÷..÷##
#.#..#...♣...*......†...#
... #.....÷...#........# .
.P.....##........#†.<.#
#...#..####.*.§...##...#
###.##.. #..#.c.####.## #
.## #..##### ### .. ####
.<. ...


You could see Nessos (fast, very poisoned, ally target), a bullfrog and 2
friendly fulminant prisms.

Vanquished Creatures
  2 hydras (Lair:2)
  A boulder beetle (Lair:2)
  Erica (D:10)
  A two-headed ogre (D:9)
  A deep elf pyromancer (D:7)
  3 cane toads
  2 kobold demonologists
  A rime drake (Lair:1)
  3 komodo dragons (Lair:1)
  3 trolls
  A polar bear (Lair:3)
  6 blink frogs
  A hornet (D:6)
  A vampire (D:10)
  2 wyverns
  A shadow (D:9)
  24 yaks
  4 vampire mosquitoes (D:10)
  An acid dragon (D:9)
  7 water moccasins
  An ice beast (D:5)
  A sky beast (D:6)
  2 orc warriors
  An ogre (D:6)
  5 wolves (Lair:3)
  2 centaurs
  3 kobold brigands
  3 phantoms
  13 bullfrogs
  4 scorpions
  15 wights
  5 killer bees (D:9)
  A jelly (D:7)
  2 electric eels (Lair:1)
  3 howler monkeys (D:8)
  A bombardier beetle (D:4)
  A bullfrog zombie (D:4)
  3 hounds
  3 orc priests
  A gnoll bouda (D:7)
  An iguana (D:7)
  2 sleepcaps
  3 orc wizards
  Robin (D:3)
  4 gnolls (D:7)
  3 adders
  A shadow imp (D:6)
  An adder zombie (D:4)
  3 dart slugs
  3 ribbon worms
  33 orcs
  5 endoplasms
  5 giant cockroaches
  23 goblins
  8 hobgoblins
  4 jackals
  2 quokkas
  9 ball pythons
  4 bats
  19 kobolds
  5 rats
  A fulminant prism (D:10)
276 creatures vanquished.

Vanquished Creatures (others)
  69 fulminant prisms
69 creatures vanquished.

Grand Total: 345 creatures vanquished

Notes
Turn   | Place    | Note
-------+----------+-------------------------------------------
     0 | D:1      | graki42 the Gnoll Conjurer began the quest for the Orb.
     0 | D:1      | Reached XP level 1. HP: 13/13 MP: 6/6
   220 | D:1      | Reached XP level 2. HP: 1/19 MP: 2/7
   342 | D:1      | Learned a level 2 spell: Searing Ray
   881 | D:1      | Reached skill level 5 in Spellcasting
   881 | D:1      | Reached XP level 3. HP: 25/25 MP: 6/9
  1024 | D:2      | Noticed a scorpion
  1027 | D:2      | Killed a scorpion
  1028 | D:2      | Reached skill level 1 in Fighting
  1028 | D:2      | Reached skill level 1 in Short Blades
  1028 | D:2      | Reached skill level 1 in Long Blades
  1028 | D:2      | Reached skill level 1 in Axes
  1028 | D:2      | Reached skill level 1 in Maces & Flails
  1028 | D:2      | Reached skill level 1 in Polearms
  1028 | D:2      | Reached skill level 1 in Staves
  1028 | D:2      | Reached skill level 1 in Ranged Weapons
  1028 | D:2      | Reached skill level 1 in Throwing
  1028 | D:2      | Reached skill level 1 in Armour
  1028 | D:2      | Reached skill level 1 in Shields
  1028 | D:2      | Reached skill level 1 in Unarmed Combat
  1028 | D:2      | Reached skill level 1 in Hexes
  1028 | D:2      | Reached skill level 1 in Summonings
  1028 | D:2      | Reached skill level 1 in Necromancy
  1028 | D:2      | Reached skill level 1 in Translocations
  1028 | D:2      | Reached skill level 1 in Fire Magic
  1028 | D:2      | Reached skill level 1 in Ice Magic
  1028 | D:2      | Reached skill level 1 in Air Magic
  1028 | D:2      | Reached skill level 1 in Earth Magic
  1028 | D:2      | Reached skill level 1 in Alchemy
  1028 | D:2      | Reached skill level 1 in Invocations
  1028 | D:2      | Reached skill level 1 in Evocations
  1028 | D:2      | Reached skill level 1 in Shapeshifting
  1028 | D:2      | Reached XP level 4. HP: 32/32 MP: 6/11
  1176 | D:2      | Noticed Sigmund
  1438 | D:2      | Found Ynabinytz's Weapon Emporium.
  1582 | D:2      | Reached XP level 5. HP: 37/37 MP: 9/12
  1589 | D:2      | Learned a level 4 spell: Fulminant Prism
  1594 | D:2      | Learned a level 4 spell: Iskenderun's Mystic Blast
  2532 | D:3      | Noticed Robin
  2546 | D:3      | Killed Robin
  3003 | D:3      | Found a faded altar of an unknown god.
  3233 | D:3      | Reached XP level 6. HP: 28/44 MP: 1/14
  3331 | D:4      | Reached skill level 5 in Dodging
  3331 | D:4      | Reached skill level 2 in Shields
  3573 | D:4      | Found Xoifoust's General Store.
  3892 | D:4      | Found a basalt altar of Yredelemnul.
  4084 | D:4      | Found a hazy altar of Hepliaklqana.
  4123 | D:5      | Entered Level 5 of the Dungeon
  4154 | D:5      | Reached XP level 7. HP: 43/51 MP: 7/15
  4339 | D:5      | Found a staircase to the Ecumenical Temple.
  4349 | D:5      | Reached skill level 5 in Stealth
  4357 | Temple   | Entered the Ecumenical Temple
  4977 | D:5      | Found a shimmering blue altar of Sif Muna.
  4980 | D:5      | Became a worshipper of Sif Muna the Loreminder
  5571 | D:6      | Reached skill level 3 in Shields
  5606 | D:6      | Reached XP level 8. HP: 43/58 MP: 16/16
  5853 | D:6      | Noticed a hornet
  5863 | D:6      | Killed a hornet
  6053 | D:6      | Noticed a kobold demonologist
  6058 | D:6      | Killed a kobold demonologist
  6059 | D:6      | Reached XP level 9. HP: 65/65 MP: 15/18
  6192 | D:6      | Reached skill level 4 in Shields
  6399 | D:6      | Identified the +1 long sword of Dawn {pain, rC+ Will+
                  | Str+3}
  6710 | D:7      | Reached * piety under Sif Muna
  6713 | D:7      | Reached skill level 5 in Shields
  6714 | D:7      | Reached skill level 5 in Invocations
  6864 | D:7      | Found Meitoeh Raty's Armour Shop.
  7640 | D:7      | Found Huircheze's Lightly-Used Armoury.
  7878 | D:7      | Noticed a deep elf pyromancer
  7888 | D:7      | Killed a deep elf pyromancer
  7889 | D:7      | Reached skill level 5 in Fighting
  7889 | D:7      | Reached skill level 5 in Short Blades
  7889 | D:7      | Reached skill level 5 in Long Blades
  7889 | D:7      | Reached skill level 5 in Axes
  7889 | D:7      | Reached skill level 5 in Maces & Flails
  7889 | D:7      | Reached skill level 5 in Polearms
  7889 | D:7      | Reached skill level 5 in Staves
  7889 | D:7      | Reached skill level 5 in Ranged Weapons
  7889 | D:7      | Reached skill level 5 in Throwing
  7889 | D:7      | Reached skill level 5 in Armour
  7889 | D:7      | Reached skill level 6 in Shields
  7889 | D:7      | Reached skill level 5 in Unarmed Combat
  7889 | D:7      | Reached skill level 5 in Evocations
  7889 | D:7      | Reached XP level 10. HP: 65/74 MP: 16/20
  8409 | D:8      | Reached skill level 5 in Shapeshifting
  8635 | D:8      | Reached skill level 7 in Shields
  8794 | D:8      | Found a staircase to the Lair.
  9045 | D:8      | Reached ** piety under Sif Muna
  9561 | D:9      | Noticed a kobold demonologist
  9570 | D:9      | Killed a kobold demonologist
  9589 | D:9      | Noticed a two-headed ogre
  9591 | D:9      | Reached skill level 5 in Hexes
  9591 | D:9      | Reached skill level 5 in Summonings
  9591 | D:9      | Reached skill level 5 in Necromancy
  9591 | D:9      | Reached skill level 5 in Translocations
  9591 | D:9      | Reached skill level 5 in Fire Magic
  9591 | D:9      | Reached skill level 5 in Ice Magic
  9591 | D:9      | Reached skill level 5 in Air Magic
  9591 | D:9      | Reached skill level 5 in Earth Magic
  9591 | D:9      | Reached skill level 5 in Alchemy
  9644 | D:9      | Reached XP level 11. HP: 32/81 MP: 2/23
 10215 | D:9      | Found an iron altar of Okawaru.
 10285 | D:9      | Killed a two-headed ogre
 10286 | D:9      | Reached skill level 8 in Shields
 10395 | D:9      | Found a staircase to the Orcish Mines.
 10675 | D:9      | Found a snail-covered altar of Cheibriados.
 10713 | D:10     | Entered Level 10 of the Dungeon
 10753 | D:10     | Noticed Erica
 10763 | D:10     | Killed Erica
 11435 | D:10     | Found a sparkling altar of Nemelex Xobeh.
 11547 | D:10     | Found a hide-covered altar of Uskayaw.
 11552 | D:10     | Found a sacrificial altar of Ru.
 11692 | Lair:1   | Entered Level 1 of the Lair of Beasts
 11993 | Lair:1   | Learned a level 4 spell: Olgreb's Toxic Radiance
 12193 | Lair:1   | Reached skill level 9 in Shields
 12213 | Lair:1   | Reached *** piety under Sif Muna
 13418 | Lair:2   | Noticed a seven-headed hydra
 13424 | Lair:2   | Killed a seven-headed hydra
 13425 | Lair:2   | Reached XP level 12. HP: 91/91 MP: 17/24
 13742 | Lair:2   | Noticed a four-headed hydra
 13743 | Lair:2   | Noticed a boulder beetle
 13757 | Lair:2   | Killed a four-headed hydra
 13891 | Lair:2   | Killed a boulder beetle
 14477 | Lair:3   | Reached skill level 10 in Shields
 14689 | Lair:3   | Noticed Nessos
 14710 | Lair:3   | Shot with an arrow by Nessos

Illustrated notes

Levels and vault maps discovered:
D:1:      sevenhm_arrival_forest_fort_large_3, layout_basic
D:2:      minmay_chambers_of_twos, layout_rooms, serial_shops, shop,
          due_unseen_surprise, uniq_sigmund
D:3:      layout_loops_cross, shapermc_ecumenical_altar_mp_vishouse,
          nicolae_underground_beach, uniq_robin
D:4:      layout_cave_pools, lemuel_zombie_altar_yredelemnul,
          nicolae_hepliaklqana_hippocampus, serial_shops, shop,
          kennysheep_generic_room_10
D:5:      layout_loops_corners, lemuel_blue_sif_altar, minmay_temple_entry_grid,
          dreamdust_wishing_well
D:6:      layout_basic, chequers_mini_garden, dk_noncrumbling_3,
          minmay_manual_monolith
D:7:      layout_loops_corners, dreamdust_princess_bridge,
          nicolae_stop_n_shop_1, minmay_shop_damaged, guppyfry_early_elven_hall
D:8:      layout_gridville, lair_entry_dummy
D:9:      layout_irregular_city, slow_altar_2, okawaru_trees_2, orc_0_dummy,
          hangedman_abyss_or_decor_passed
D:10:     layout_roguey, nicolae_overflow_crystal_walls,
          mainiacjoe_overflow_big_doors, uniq_erica
Temple:   eino_narrow_crystal_temple
Lair:1:   layout_layer_cave, serial_bayou_lagoon_b, infiniplex_staircase_pool_2,
          serial_bayou_shore_b, grunt_megastairs_4, lemuel_fruit_fields,
          lemuel_fruit_tree
Lair:2:   layout_roguey
Lair:3:   layout_cave_shapes, nicolae_swamp_entry_splash_gauntlet,
          spider_nest_entry_webs, minivault_24, chequers_serial_rivers_small_3,
          grunt_megastairs_1, serial_bayou_shore_b, uniq_fannar, uniq_snorg,
          uniq_josephine, uniq_nessos

Skill      XL: |  1  2  3  4  5  6  7  8  9 10 11 12 |
---------------+-------------------------------------+-----
Spellcasting   | 5 6 7 8 9 |  9.2
Fighting       | 1 2 3 5 6 7 |  7.6
Short Blades   | 1 2 3 5 6 7 |  7.6
Long Blades    | 1 2 3 5 6 7 |  7.6
Axes           | 1 2 3 5 6 7 |  7.6
Maces & Flails | 1 2 3 5 6 7 |  7.6
Polearms       | 1 2 3 5 6 7 |  7.6
Staves         | 1 2 3 5 6 7 |  7.6
Ranged Weapons | 1 2 3 5 6 7 |  7.6
Throwing       | 1 2 3 5 6 7 |  7.6
Armour         | 1 2 3 5 6 7 |  7.6
Shields        | 1 2 3 6 7 9 10 | 10.0
Unarmed Combat | 1 2 3 5 6 7 |  7.6
Hexes          | 1 2 3 4 5 6 |  6.3
Summonings     | 1 2 3 4 5 6 |  6.3
Necromancy     | 1 2 3 4 5 6 |  6.3
Translocations | 1 2 3 4 5 6 |  6.3
Fire Magic     | 1 2 3 4 5 6 |  6.3
Ice Magic      | 1 2 3 4 5 6 |  6.3
Air Magic      | 1 2 3 4 5 6 |  6.3
Earth Magic    | 1 2 3 4 5 6 |  6.3
Alchemy        | 1 2 3 4 5 6 |  6.3
Invocations    | 1 2 3 4 5 6 7 8 |  8.3
Evocations     | 1 2 3 5 6 7 |  7.6
Shapeshifting  | 1 2 3 4 5 6 |  6.9
Dodging        | 5 6 7 8 9 |  9.0
Stealth        | 5 6 7 8 |  8.8
Conjurations   | 8 9 |  9.6

Action                     |  1- 3 |  4- 6 |  7- 9 | 10-12 || total
---------------------------+-------+-------+-------+-------++-------
  Melee: Dagger            |     9 |    99 |    15 |    31 ||   154
         Bite              |     1 |     6 |       |     1 ||     8
         Punch             |       |     1 |       |     2 ||     3
   Cast: Magic Dart        |    26 |    57 |    28 |    67 ||   178
         Searing Ray       |     2 |    21 |    33 |    62 ||   118
         Iskenderun's Myst |       |     2 |     9 |    49 ||    60
         Fulminant Prism   |       |       |    16 |    56 ||    72
         Olgreb's Toxic Ra |       |       |       |     2 ||     2
 Invoke: Channel Magic     |       |       |       |     3 ||     3
  Evoke: Wand              |       |       |       |     2 ||     2
    Use: Scroll            |       |       |       |     8 ||     8
         Potion            |       |       |       |     5 ||     5
   Stab: Sleeping          |     1 |     3 |     1 |     7 ||    12
         Paralysed         |       |       |       |     2 ||     2
 Armour: Robe              |    10 |    67 |    33 |    16 ||   126
         Acid dragon scale |       |       |       |    67 ||    67
         Skin              |       |       |       |    19 ||    19
  Dodge: Dodged            |    19 |    78 |    26 |    68 ||   191

Table legend: (Time is in decaauts)
 A = Elapsed time spent in this place.
 B = Non-inter-level travel time spent in this place.
 C = Inter-level travel time spent in this place.
 D = Time resting spent in this place.
 E = Time spent auto-exploring this place.
 F = Levels seen in this place.
 G = Mean time per level.
                   A        B        C        D        E       F      G
               +--------+--------+--------+--------+--------+-----+--------+
         Total |  14724 |  14331 |    393 |   1702 |  10837 |  14 | 1051.7 |
       Dungeon |  11673 |  11321 |    352 |   1014 |   8913 |  10 | 1167.3 |
        Temple |     37 |     37 |      0 |      0 |      0 |   1 |   37.0 |
          Lair |   3012 |   2972 |     40 |    688 |   1924 |   3 | 1004.0 |
               +--------+--------+--------+--------+--------+-----+--------+

Top non-repeatable levels by time:
  Lair:1: 1653 daAuts
     D:7: 1469 daAuts
     D:5: 1416 daAuts
     D:8: 1415 daAuts
     D:3: 1321 daAuts
     D:9: 1215 daAuts
  Lair:2: 1174 daAuts
     D:1: 1108 daAuts
     D:6: 1070 daAuts
    D:10: 970 daAuts
     D:2: 875 daAuts
     D:4: 811 daAuts
  Lair:3: 185 daAuts
  Temple: 37 daAuts
